 Dungeon Crawl Stone Soup version 0.21-a0-529-g8c7b3f5 (webtiles) character file.

62513 Amnesiac the Deadly Accurate (level 15, -6/157 HPs)
             Began as an Ogre Assassin on Dec 11, 2017.
             Was the Champion of Okawaru.
             Succumbed to a green very ugly thing's poison
             ... on level 15 of the Dungeon.
             The game lasted 01:11:29 (19536 turns).

Amnesiac the Deadly Accurate (Ogre Assassin)       Turns: 19536, Time: 01:11:30

Health: -6/157     AC: 22    Str: 24    XL:     15   Next: 6%
Magic:  17/21      EV: 14    Int: 12    God:    Okawaru [******]
Gold:   1024       SH: 17    Dex: 10    Spells: 13/14 levels left

rFire    . . .     SeeInvis +   b - +2 blowgun
rCold    + + +     Gourm    .   H - +4 shield of Royalty {MR- Regen+ SInv}
rNeg     . . .     Faith    .   v - +1 ice dragon scales
rPois    .         Spirit   .   l - +2 hat {MR+}
rElec    .         Reflect  .   M - scarf {rC+ rF+}
rCorr    .         Harm     .   (gloves unavailable)
MR       ++...                  (boots unavailable)
Stlth    ++........             (no amulet)
HPRegen  0.76/turn              p - +3 ring of protection
MPRegen  0.17/turn              K - ring of protection from magic

@: lethally poisoned (-6 -> -108), heroism, finesse
A: large, unfitting armour, claws 1, rugged brown scales 1, sense surroundings
1, tough skin 1
a: Heroism, Finesse, Renounce Religion


You were on level 15 of the Dungeon.
You worshipped Okawaru.
Okawaru was exalted by your worship.
You were not hungry.

You visited 3 branches of the dungeon, and saw 17 of its levels.
You also visited: Ice Cave.

You collected 1258 gold pieces.
You spent 234 gold pieces at shops.

Inventory:

Hand Weapons
 a - a +2 short sword of speed
 b - a +2 blowgun (weapon)
Missiles
 d - 11 curare-tipped needles
 e - 26 poisoned needles
 h - 491 stones
 n - 11 large rocks
 t - 7 poisoned javelins (quivered)
 x - 5 poisoned tomahawks
 y - a throwing net
 S - 4 steel javelins
 T - 4 tomahawks
 W - 10 javelins
Armour
 c - a +2 large shield of protection
 l - a +2 hat of magic resistance (worn)
 u - a +2 cloak
 v - +1 ice dragon scales (worn)
 H - the +4 shield of Royalty (worn) {MR- Regen+ SInv}
   (You acquired it on level 12 of the Dungeon)

   It affects your resistance to hostile enchantments.
   It lets you see invisible.
   It increases your rate of regeneration.
 M - a scarf of resistance (worn)
 O - a +1 hat
 Z - a scarf of cloud immunity
Jewellery
 p - a +3 ring of protection (left claw)
 q - an uncursed ring of flight
 K - a ring of protection from magic (right claw)
 Q - the ring of Secrets {rElec rF+ Int+10 Dex-5 Stlth-, unknown}
   (You took it off an orc on level 15 of the Dungeon)

   [ring of loudness]

   It affects your intelligence (+10).
   It affects your dexterity (-5).
   It protects you from fire.
   It insulates you from electricity.
   It makes you less stealthy.
 X - a +3 ring of strength {unknown}
Wands
 A - a wand of paralysis (18)
 I - a wand of iceblast (8)
 L - a wand of flame (19)
 R - a wand of polymorph (22)
 U - a wand of digging (12)
 Y - a wand of acid (8)
Scrolls
 f - 2 scrolls of identify {!r}
 k - 8 scrolls of remove curse {!r}
 o - 6 scrolls of magic mapping {!r}
 r - 7 scrolls of teleportation {!r}
 C - 2 scrolls of amnesia {!r}
 D - 2 scrolls of fog {!r}
Potions
 i - 9 potions of curing {!q}
 m - 2 potions of magic {!q}
 s - 3 potions of flight {!q}
 w - 6 potions of heal wounds {!q}
 z - 2 potions of resistance {!q}
 B - 8 potions of might {!q}
 E - a potion of lignification {!q}
 G - a potion of brilliance {!q}
 N - 2 potions of haste {!q}
 P - a potion of mutation {!q}
 V - a potion of cancellation {!q}
Comestibles
 g - 19 bread rations
 j - 8 meat rations
 J - 5 chunks of flesh


   Skills:
 + Level 11.0(16.0) Fighting
 - Level 3.1(8.1) Short Blades
 * Level 15.1(20.1) Throwing
 + Level 9.0(14.0) Armour
 + Level 9.5(14.5) Dodging
 - Level 3.0(8.0) Stealth
 - Level 9.0(14.0) Shields
 - Level 9.0 Invocations


You had 13 spell levels left.
You knew the following spells:

 Your Spells              Type           Power        Failure   Level  Hunger
a - Summon Butterflies    Summ           #.......     58%         1    ##.....


Dungeon Overview and Level Annotations

Branches:
Dungeon (15/15)            Temple (1/1) D:5            Lair (0/6) D:9
    Orc (0/2) D:12         Vaults (0/5) D:14         Depths (1/5) D:15

Altars:
Ashenzari
Cheibriados
Dithmenos
Elyvilon
Fedhas
Gozag
Hepliaklqana
Kikubaaqudgha
Makhleb
Nemelex Xobeh
Okawaru
Qazlal
Ru
Sif Muna
Trog
Uskayaw
Vehumet
Wu Jian
Xom
Yredelemnul
Zin
The Shining One

Shops:
D:4 ?

Annotations:
D:3 Grinder
D:7 exclusion: downstairs


Innate Abilities, Weirdness & Mutations

You are too large for most types of armour.
You have tough skin. (AC +1)
You have sharp fingernails.
You are partially covered in rugged brown scales. (AC +1, +3% HP)
You passively map a small area around you.


Message History

There is a staircase to the Depths, spattered with blood here.
You climb downwards.
Welcome back to the Depths!
You block the purple ugly thing's attack.
The green very ugly thing kicks you!
You are poisoned.
The green very ugly thing poisons you!
The purple ugly thing trunk-slaps you but does no damage.
The white very ugly thing tentacle-slaps you!
The white very ugly thing freezes you! You resist.
The green very ugly thing kicks you.
You are lethally poisoned!
The green very ugly thing poisons you! The purple ugly thing stings you.
There is a staircase back to the Dungeon, spattered with blood here.
Really read
F - 2 scrolls of fear {!r}?
As you read the scroll of fear {!r}, it crumbles to dust.
You assume a fearsome visage.
The green very ugly thing looks frightened!
The white very ugly thing looks frightened!
The purple ugly thing looks frightened! x3
The white ugly thing looks frightened!
* * * LOW HITPOINT WARNING * * *
You feel extremely sick.
Press: ? - help, v - describe, . - travel, g - get item 2 large rocks.
There is something else lying underneath.
The floor, spattered with blood.
* * * LOW HITPOINT WARNING * * *
You feel extremely sick.
Things that are here:
2 large rocks; a very ugly thing corpse You butcher the very ugly thing corpse.
* * * LOW HITPOINT WARNING * * *
You feel extremely sick.
Things that are here:
2 large rocks; 4 mutagenic chunks of flesh; a very ugly thing skeleton
n - 11 large rocks (gained 2)
You can't carry that many items.
* * * LOW HITPOINT WARNING * * *
You feel extremely sick.
The white very ugly thing seems to regain its courage.
Cornered, the purple ugly thing turns to fight!
* * * LOW HITPOINT WARNING * * *
You feel extremely sick.
You block the purple ugly thing's attack.
There is a staircase back to the Dungeon, spattered with blood here.
* * * LOW HITPOINT WARNING * * *
You feel extremely sick.
The red very ugly thing seems to regain its courage.
The purple ugly thing stings you.
* * * LOW HITPOINT WARNING * * *
The white very ugly thing tentacle-slaps you.
* * * LOW HITPOINT WARNING * * *
The white very ugly thing freezes you! You resist.
* * * LOW HITPOINT WARNING * * *
You climb upwards.
Welcome back to the Dungeon!
* * * LOW HITPOINT WARNING * * *
You feel extremely sick.
There is a staircase to the Depths, spattered with blood here.
Really read
F - a scroll of fear {!r}?
As you read the scroll of fear {!r}, it crumbles to dust.
You assume a fearsome visage.
The white very ugly thing looks frightened!
The purple ugly thing looks frightened!
You die...

.....### #.# ...####### #)##
....#....# #..# ########
..#.#.##.# ##.#######.......
###...##.####### #.......#.#####.
...............# #######...#####.
###.##....####.###.....##...)..).
###.#.....# #.##.......#####..#.
...)###...# #.#@u#####.....##รท).
....###...# #.##u......##...##..
......#...# #..##.....###.8..##.
....#.#...# ##..########......#.
....#.#...# ##.## #...........
#####.....# #..# #.##########
###...# ##.# #.# ## #### #...#
#.## #.# #. ...# ##.## #..# #.#
####.


You could see a white very ugly thing (fleeing) and a purple ugly thing
(fleeing).

Vanquished Creatures
  Agnes (D:14)
  The ghost of Ketzopolo the Grappler, a journeyman TrMo of Okawaru (D:14)
  A frost giant (IceCv)
  3 very ugly things
  Nessos (D:15)
  Snorg (D:12)
  A fire dragon (D:15)
  2 hydras
  A catoblepas (D:15)
  A vault guard (D:14)
  An ice dragon (D:15)
  3 centaur warriors
  An ogre mage (D:15)
  11 two-headed ogres
  A death knight (D:13)
  A death yak (IceCv)
  Urug (D:12)
  Sonja (D:14)
  A fire crab (shapeshifter) (D:14)
  3 unseen horrors
  4 wizards
  A necromancer (D:14)
  An orc knight (D:14)
  A wolf spider zombie (D:12)
  6 cyclopes
  2 ugly things (D:13)
  2 manticores (D:15)
  Joseph (D:10)
  An ice statue (IceCv)
  2 centaur zombies (D:15)
  2 gargoyles
  5 centaur skeletons
  3 rime drakes
  2 kobold demonologists (D:15)
  3 yaktaurs (D:15)
  2 redback zombies
  2 trolls (D:10)
  16 polar bears (IceCv)
  2 hornets
  4 slime creatures
  3 hippogriffs
  3 wyverns
  A water elemental (D:12)
  4 wraiths
  20 humans (D:14)
  18 yaks (IceCv)
  3 hungry ghosts
  2 basilisks (D:14)
  2 steam dragons
  2 vampire mosquitoes (D:15)
  An acid dragon (D:12)
  6 orc warriors
  3 sky beasts
  4 eyes of draining
  A swamp drake (D:12)
  A necrophage (D:11)
  2 phantoms
  4 ice beasts
  10 ogres
  5 boggarts (D:15)
  14 wolves (IceCv)
  A crocodile (D:11)
  12 centaurs
  3 big kobolds
  9 bullfrogs
  3 scorpions
  A wyvern skeleton (D:12)
  21 killer bees
  12 wights
  5 howler monkeys
  2 crimson imps
  Crazy Yiuf (D:2)
  4 bullfrog zombies
  4 hounds
  A jelly (D:5)
  11 orc wizards
  16 orc priests
  3 iguanas
  12 worker ants
  2 hound zombies (D:7)
  3 hound skeletons
  A mummy (D:7)
  A worker ant zombie (D:11)
  6 gnolls
  12 adders
  6 shadow imps
  2 oozes (D:1)
  An adder zombie (D:9)
  An adder skeleton (D:7)
  4 worms
  A dart slug (D:1)
  7 leopard geckos
  59 orcs
  2 bats
  A giant cockroach (D:1)
  12 goblins
  6 hobgoblins
  23 jackals
  22 kobolds
  4 quokkas
  5 ball pythons
  8 frilled lizards
  2 hobgoblin zombies (D:7)
  A kobold zombie (D:7)
  A leopard gecko skeleton (D:5)
  An orc zombie (D:7)
  3 quokka skeletons
  11 rats
  2 fungi (D:2)
  A plant (D:6)
540 creatures vanquished.

Vanquished Creatures (others)
  An unseen horror (D:15)
  A jelly (D:7)
  An orc priest (D:14)
  An adder skeleton (D:6)
  4 plants (D:14)
8 creatures vanquished.

Grand Total: 548 creatures vanquished

Notes
Turn   | Place    | Note
-------+----------+-------------------------------------------
     0 | D:1      | Amnesiac the Ogre Assassin began the quest for the Orb.
     0 | D:1      | Reached XP level 1. HP: 22/22 MP: 1/1
    11 | D:1      | Reached skill level 1 in Dodging
    40 | D:1      | Reached XP level 2. HP: 29/31 MP: 2/2
   242 | D:1      | Reached XP level 3. HP: 37/37 MP: 3/3
   389 | D:1      | Reached skill level 3 in Throwing
   885 | D:2      | Reached XP level 4. HP: 43/45 MP: 4/4
  1131 | D:2      | Reached skill level 4 in Throwing
  1540 | D:2      | Found a runed door.
  1545 | D:2      | Noticed Crazy Yiuf
  1556 | D:2      | Killed Crazy Yiuf
  1619 | D:3      | Reached XP level 5. HP: 53/53 MP: 5/5
  1707 | D:3      | Reached skill level 5 in Throwing
  2168 | D:3      | Noticed Grinder
  2296 | D:3      | Paralysed by Grinder for 2 turns
  2725 | D:4      | Found Cueneu's Magic Scroll Boutique.
  2734 | D:4      | Bought a scroll of identify for 24 gold pieces
  2734 | D:4      | Bought a scroll of remove curse for 36 gold pieces
  2734 | D:4      | Bought a scroll of fog for 24 gold pieces
  2734 | D:4      | Bought a scroll of random uselessness for 12 gold pieces
  2888 | D:4      | Reached XP level 6. HP: 52/61 MP: 6/6
  3144 | D:4      | Reached skill level 6 in Throwing
  3337 | D:5      | Entered Level 5 of the Dungeon
  3384 | D:5      | Found a staircase to the Ecumenical Temple.
  3397 | Temple   | Entered the Ecumenical Temple
  3614 | D:5      | Reached skill level 7 in Throwing
  3639 | D:5      | Reached XP level 7. HP: 67/67 MP: 7/7
  3908 | D:5      | Reached skill level 8 in Throwing
  3987 | D:4      | Bought a scroll of blinking for 90 gold pieces
  4668 | D:5      | Reached XP level 8. HP: 59/75 MP: 8/8
  5093 | D:4      | Bought a scroll of identify for 24 gold pieces
  5093 | D:4      | Bought a scroll of identify for 24 gold pieces
  5198 | D:6      | Reached skill level 9 in Throwing
  5727 | D:6      | Found an opulent altar of Gozag.
  5727 | D:6      | Found an iron altar of Okawaru.
  5731 | D:6      | Found a white marble altar of Elyvilon.
  5731 | D:6      | Found a sacrificial altar of Ru.
  5737 | D:6      | Became a worshipper of Warmaster Okawaru
  5822 | D:6      | Reached skill level 10 in Throwing
  6576 | D:7      | Reached skill level 5 in Fighting
  6576 | D:7      | Reached XP level 9. HP: 62/89 MP: 9/9
  6930 | D:7      | Noticed a hornet
  6940 | D:7      | Killed a hornet
  6940 | D:7      | Reached * piety under Okawaru
  7132 | D:7      | Reached skill level 1 in Invocations
  8198 | D:8      | Noticed a gargoyle
  8210 | D:8      | Found a deep blue altar of Sif Muna.
  8229 | D:8      | Reached ** piety under Okawaru
  8229 | D:8      | Reached skill level 10 in Fighting
  8556 | D:7      | Reached XP level 10. HP: 99/110 MP: 0/13
  8712 | D:8      | Killed a gargoyle
  8896 | D:8      | Found a shimmering altar of Xom.
  9000 | D:8      | Found a stormy altar of Qazlal.
  9024 | D:8      | Reached skill level 5 in Invocations
  9178 | D:8      | Found a deep blue altar of Sif Muna.
  9244 | D:9      | Found a staircase to the Lair.
  9250 | D:9      | Noticed a cyclops
  9300 | D:9      | Killed a cyclops
  9300 | D:9      | Reached *** piety under Okawaru
  9469 | D:9      | Reached skill level 5 in Dodging
 10191 | D:10     | Entered Level 10 of the Dungeon
 10637 | D:10     | HP: 2/110 [troll (6)]
 11088 | D:10     | Noticed Joseph
 11132 | D:10     | Reached **** piety under Okawaru
 11132 | D:10     | Received a gift from Okawaru
 11234 | D:10     | Killed Joseph
 11234 | D:10     | Reached XP level 11. HP: 96/117 MP: 13/16
 11533 | D:10     | Found a sacrificial altar of Ru.
 11610 | D:11     | Noticed a two-headed ogre
 11613 | D:11     | Killed a two-headed ogre
 11798 | D:11     | Received a gift from Okawaru
 11896 | D:11     | Noticed a two-headed ogre
 11899 | D:11     | Killed a two-headed ogre
 12046 | D:11     | Gained mutation: You are agile. (Dex +2) [mutagenic meat]
 12047 | D:11     | Gained mutation: You have sharp fingernails. [mutagenic meat]
 12048 | D:11     | Gained mutation: You are partially covered in molten scales. (AC +2) [mutagenic meat]
 12049 | D:11     | Lost mutation: You are agile. (Dex +2) [mutagenic meat]
 12050 | D:11     | Gained mutation: You passively map a small area around you. [mutagenic meat]
 12101 | D:11     | Noticed a cyclops
 12103 | D:11     | Noticed a two-headed ogre
 12107 | D:11     | Killed a two-headed ogre
 12107 | D:11     | Reached ***** piety under Okawaru
 12112 | D:11     | Killed a cyclops
 12125 | D:11     | Identified a scroll of acquirement {!r}
 12310 | D:11     | Killed an unseen horror
 12400 | D:11     | Noticed a cyclops
 12403 | D:11     | Killed a cyclops
 12403 | D:11     | Received a gift from Okawaru
 12564 | D:12     | Noticed a centaur warrior
 12568 | D:12     | Killed a centaur warrior
 12568 | D:12     | Reached skill level 11 in Throwing
 12570 | D:12     | Received a gift from Okawaru
 12745 | D:12     | Reached XP level 12. HP: 93/128 MP: 18/18
 12770 | D:12     | Got a transparent shield
 12776 | D:12     | Identified the +4 shield of Royalty {MR- Regen+ SInv} (You acquired it on level 12 of the Dungeon)
 12820 | D:12     | Reached skill level 1 in Shields
 13000 | D:12     | Noticed Snorg
 13005 | D:12     | Killed Snorg
 13045 | D:12     | Learned a level 1 spell: Summon Butterflies
 13386 | D:12     | Noticed Urug
 13412 | D:12     | Killed Urug
 13412 | D:12     | Reached skill level 5 in Shields
 13466 | D:12     | Found a staircase to the Orcish Mines.
 13809 | D:13     | Lost mutation: You are partially covered in molten scales. (AC +2) [mutagenic meat]
 13811 | D:13     | Gained mutation: You are partially covered in rugged brown scales. (AC +1, +3% HP) [mutagenic meat]
 13936 | D:13     | Found a frozen archway.
 13958 | IceCv    | Entered an ice cave
 13959 | IceCv    | Reached ****** piety under Okawaru
 14110 | IceCv    | Got an ichor-stained spear
 14111 | IceCv    | Identified the +5 spear of the Lair of Beasts {flame, +Fly MR+++ MP+9 Int-3} (You found it in an ice cave)
 14242 | IceCv    | Received a gift from Okawaru
 14565 | IceCv    | Reached XP level 13. HP: 141/141 MP: 19/19
 14598 | IceCv    | Reached skill level 12 in Throwing
 14729 | IceCv    | Noticed a frost giant
 14746 | IceCv    | Reached skill level 1 in Armour
 14753 | IceCv    | Killed a frost giant
 14854 | IceCv    | Got an encrusted hand crossbow
 14941 | D:13     | Identified the +7 hand crossbow "Impslayer" {speed, *Contam +Inv Str+4} (You found it in an ice cave)
 15298 | D:13     | Received a gift from Okawaru
 15448 | D:13     | Received a gift from Okawaru
 15790 | D:14     | Identified a paperback manual
 15792 | D:14     | Noticed Agnes
 15802 | D:14     | Reached skill level 5 in Armour
 15804 | D:14     | Killed Agnes
 15979 | D:14     | Received a gift from Okawaru
 16007 | D:14     | Noticed Ketzopolo's ghost (journeyman TrMo)
 16243 | D:14     | Noticed Sonja
 16309 | D:14     | Killed Sonja
 17038 | D:14     | Reached XP level 14. HP: 150/150 MP: 20/20
 17135 | D:14     | Killed Ketzopolo's ghost
 17350 | D:15     | Entered Level 15 of the Dungeon
 17514 | D:14     | Found a gate to the Vaults.
 17582 | D:14     | Received a gift from Okawaru
 17914 | D:14     | Reached skill level 13 in Throwing
 18012 | D:14     | Received a gift from Okawaru
 18166 | D:15     | Found an opulent altar of Gozag.
 18378 | D:15     | Noticed Nessos
 18388 | D:15     | Reached skill level 14 in Throwing
 18407 | D:15     | Killed Nessos
 18843 | D:15     | Got a sparkling glass ring
 19327 | D:15     | Found a staircase to the Depths.
 19500 | Depths:1 | Entered Level 1 of the Depths
 19500 | Depths:1 | Noticed a red very ugly thing
 19500 | Depths:1 | Noticed a red very ugly thing
 19500 | Depths:1 | Noticed a red very ugly thing
 19500 | Depths:1 | Noticed a red very ugly thing
 19504 | Depths:1 | Killed a red very ugly thing
 19508 | Depths:1 | Noticed a purple very ugly thing
 19509 | Depths:1 | Killed a red very ugly thing
 19509 | Depths:1 | Reached skill level 15 in Throwing
 19509 | Depths:1 | Reached XP level 15. HP: 157/157 MP: 13/21
 19535 | D:15     | HP: 2/157 [poisoned by a green very ugly thing]
 19536 | D:15     | Succumbed to a green very ugly thing's poison

Vault maps used:
D:1:      onia_arrival_handbag
D:2:      first_bread, uniq_crazy_yiuf_cottage
D:3:      uniq_grinder
D:4:      serial_shops, shop
D:5:      minmay_temple_entry_trees
D:6:      grunt_temple_overflow_cloverleaf, lexackson_kobold_supper
D:7:      grunt_ogre_cave, grunt_decor_one_mirror, minmay_mini_ossuary
D:8:      tgw_sif, nicolae_overflow_crystal_walls, basic_altar,
          nicolae_qazlal_style_of_elements
D:9:      lair_entry_dummy
D:10:     nicolae_ru_path_of_blood, uniq_joseph
D:12:     erik_orc_1, uniq_urug, uniq_snorg
D:13:     portal_ice_cave_rime, st_stairs_7
D:14:     grunt_vaults_entry_tiered, serial_bayou_lagoon_a, kennysheep_dice,
          uniq_sonja, uniq_agnes
D:15:     grunt_enter_depths_hoard, basic_altar, serial_bayou_pond_c,
          uniq_nessos
Temple:   regret_index_temple_sphere_string
Depths:1: pf_dread_powers_of_hell, ashenzari_altar_1, kennysheep_diamond,
          grunt_decor_resistance, brannock_guarded_unrand_thermic_engine,
          grunt_megastairs_4
IceCv:    ice_cave_caverns_02

Skill      XL: |  1  2  3  4  5  6  7  8  9 10 11 12 13 14 |
---------------+-------------------------------------------+-----
Dodging        | 1 2 7 9 |  9.5
Stealth        | 3 |  3.0
Fighting       | 3 5 10 11 | 11.0
Short Blades   | 2 3 |  3.1
Throwing       | 3 4 5 7 8 10 11 12 15 | 15.1
Invocations    | 4 6 8 9 |  9.0
Shields        | 9 |  9.0
Armour         | 8 9 |  9.0

Action                   |  1- 3 |  4- 6 |  7- 9 | 10-12 | 13-15 || total
-------------------------+-------+-------+-------+-------+-------++-------
Melee: Dagger            |    88 |   207 |    95 |       |       ||   390
       Short sword       |       |       |   250 |   192 |   316 ||   758
       Quarterstaff      |       |       |    13 |       |       ||    13
 Fire: Blowgun           |    10 |    21 |   123 |    40 |    62 ||   256
Throw: Stone             |    59 |    81 |   102 |   217 |    40 ||   499
       Tomahawk          |       |       |    19 |    18 |    58 ||    95
       Javelin           |       |       |    14 |    28 |   104 ||   146
       Large rock        |       |       |       |   309 |   260 ||   569
       Throwing net      |       |       |       |     5 |       ||     5
Invok: Heroism           |       |       |     1 |     6 |     7 ||    14
       Finesse           |       |       |       |       |     4 ||     4
 Abil: Evoke Flight      |       |       |       |     1 |       ||     1
  Use: Scroll            |       |     3 |     3 |    21 |     9 ||    36
       Potion            |       |       |     1 |     1 |       ||     2
 Stab: Sleeping          |     2 |     3 |     2 |       |       ||     7
       Held in net/web   |       |       |       |     2 |       ||     2
       Petrified         |       |       |       |       |     9 ||     9
       Petrifying        |       |       |       |       |     1 ||     1
  Eat: Chunk             |       |     9 |    12 |    32 |    10 ||    63
       Fruit             |       |       |     5 |       |       ||     5
       Royal jelly       |       |       |     1 |       |       ||     1
       Meat ration       |       |       |       |       |     1 ||     1
Armor: Robe              |    23 |    48 |    83 |    21 |       ||   175
       Skin              |       |       |    24 |       |       ||    24
       Steam dragon scal |       |       |       |    76 |    59 ||   135
       Ice dragon scales |       |       |       |       |    77 ||    77
Dodge: Dodged            |    29 |    83 |   128 |   219 |   208 ||   667
Block: Shield            |       |       |       |   175 |   445 ||   620

Table legend:
 A = Spawn XP
 B = Non-spawn XP
 C = Spawn XP percentage of total XP
 D = Spawn monster count
 E = Non-spawn monster count
 F = Spawn count percentage of total count
 G = Total turns spent on level
                    A         B        C        D         E        F      G
               +---------+---------+-------+---------+---------+-------+---------
         Total |       0 |   89305 |   0.0 |       0 |     539 |   0.0 | 19536
               +---------+---------+-------+---------+---------+-------+---------
           D:1 |       0 |      46 |   0.0 |       0 |      21 |   0.0 |   599
           D:2 |       0 |     106 |   0.0 |       0 |      24 |   0.0 |  1014
           D:3 |       0 |     126 |   0.0 |       0 |      30 |   0.0 |   951
           D:4 |       0 |     196 |   0.0 |       0 |       9 |   0.0 |   934
           D:5 |       0 |     764 |   0.0 |       0 |      30 |   0.0 |  1484
           D:6 |       0 |     792 |   0.0 |       0 |      25 |   0.0 |  1443
           D:7 |       0 |    2476 |   0.0 |       0 |      50 |   0.0 |  1987
           D:8 |       0 |    1185 |   0.0 |       0 |      23 |   0.0 |   664
           D:9 |       0 |     824 |   0.0 |       0 |      13 |   0.0 |  1324
          D:10 |       0 |    2832 |   0.0 |       0 |      30 |   0.0 |  1034
          D:11 |       0 |    6442 |   0.0 |       0 |      35 |   0.0 |   938
          D:12 |       0 |    7320 |   0.0 |       0 |      55 |   0.0 |  1242
          D:13 |       0 |    5845 |   0.0 |       0 |      25 |   0.0 |  1196
          D:14 |       0 |   25482 |   0.0 |       0 |      63 |   0.0 |  2117
          D:15 |       0 |   18871 |   0.0 |       0 |      52 |   0.0 |  1471
      Depths:1 |       0 |    2846 |   0.0 |       0 |       2 |   0.0 |    18
         IceCv |       0 |   13152 |   0.0 |       0 |      52 |   0.0 |   956
               +---------+---------+-------+---------+---------+-------+---------
